 Dungeon Crawl Stone Soup version 0.18.1-50-g88ac8fd (webtiles) character file.

1437 kraedy the Shield-Bearer (level 8, -6/49 HPs)
             Began as a Gargoyle Fighter on Oct 11, 2016.
             Mangled by an orc warrior
             ... wielding a +0 halberd
              (14 damage)
             ... on level 5 of the Dungeon.
             The game lasted 00:34:41 (5740 turns).

kraedy the Shield-Bearer (Gargoyle Fighter)         Turns: 5740, Time: 00:34:42

Health: -6/49      AC: 19    Str: 21    XL:     8   Next: 74%
Magic:  12/12      EV:  7    Int:  8    God:
Gold:   156        SH: 10    Dex:  7    Spells: 0 memorised, 12 levels left

rFire  . . .     SeeInvis +     a - +0 long sword
rCold  . . .     Gourm    .     y - +0 chain mail
rNeg   + . .     Faith    .     c - +0 shield
rPois  ∞         Spirit   .     N - +0 helmet {SInv}
rElec  +         Dismiss  .     (no cloak)
rCorr  .         Reflect  .     (no gloves)
SustAt .         Harm     .     Q - +0 pair of boots
MR     .....                    (no amulet)
Stlth  ..........               (no ring)
                                (no ring)

@: not resistant to hostile enchantments, extremely unstealthy
A: talons 1, rugged brown scales 1, clumsy 1, negative energy resistance 1,
electricity resistance, slow regeneration 1, weak 1, unbreathing, petrification
resistance, rot immunity, AC +5
a: no special abilities


You were on level 5 of the Dungeon.
You were hungry.

You visited 1 branch of the dungeon, and saw 6 of its levels.

You collected 282 gold pieces.
You spent 126 gold pieces at shops.

Inventory:

Hand Weapons
 a - a +0 long sword (weapon)
 l - a +0 short sword
 m - a cursed +0 dagger
 s - a +0 dagger
Missiles
 p - 124 stones (quivered)
 r - 67 arrows
 D - 22 poisoned needles
Armour
 b - a +0 scale mail
 c - a +0 shield (worn)
 y - a +0 chain mail (worn)
 E - a +1 robe of magic resistance
 F - a +0 helmet of intelligence
 N - a +0 helmet of see invisible (worn)
 Q - a +0 pair of boots (worn)
Jewellery
 n - the ring of Salvation {Ice *Contam +Fly rN++ Dex+2, unknown}
   (You found it on level 6 of the Dungeon)

   [ring of ice]

   It enhances your ice magic, and weakens your fire magic.
   It affects your dexterity (+2).
   It makes you vulnerable to fire.
   It protects you from cold.
   It greatly protects you from negative energy.
   It lets you fly.
   It causes magical contamination when unequipped.
Wands
 h - a wand of polymorph (15/24)
 j - a wand of paralysis (6/24)
 K - a wand of teleportation (5/9)
Scrolls
 e - 3 scrolls of remove curse
 g - a scroll of fear {unknown}
 k - 9 scrolls of identify
 t - a scroll of magic mapping {unknown}
 v - a scroll of random uselessness {unknown}
 w - a scroll of amnesia {unknown}
 A - 2 scrolls of teleportation
 B - 2 scrolls of enchant armour {unknown}
 C - a scroll of noise {unknown}
 G - a scroll of blinking {unknown}
 H - a scroll of immolation
 L - a scroll of recharging {unknown}
 M - 3 scrolls of enchant weapon {unknown}
Potions
 f - a potion of resistance {unknown}
 i - a potion of beneficial mutation {unknown}
 o - a potion of invisibility {unknown}
 q - a potion of lignification {unknown}
 z - a potion of haste {unknown}
 I - a potion of cancellation {unknown}
 O - a potion of degeneration {unknown}
 P - a potion of berserk rage {unknown}
 R - a potion of flight {unknown}
Comestibles
 J - 3 bread rations
 S - 5 fruits


   Skills:
 + Level 4.3 Fighting
 * Level 4.3 Long Blades
 * Level 6.3 Armour
 + Level 2.6 Dodging
 * Level 7.1 Shields
 * Level 2.8 Spellcasting


You had 12 spell levels left.
You didn't know any spells.

Dungeon Overview and Level Annotations

Branches:
Dungeon (6/15)             Temple (0/1) D:4

Altars:
Cheibriados
Okawaru
Zin

Shops:
D:5 [

Annotations:
D:4 Lluna's ghost, amateur CeAM


Innate Abilities, Weirdness & Mutations

You are resistant to torment.
Your stone body is resilient (AC +5).
You are immune to poison.
You resist negative energy.
You are resistant to electric shocks.
You can survive without breathing.
You are immune to petrification.
You are immune to rotting.
You have sharp toenails.
You are partially covered in rugged brown scales (AC +1, +3% HP).
You are clumsy. (Dex -2)
You regenerate slowly when monsters are visible.
You are weak. (Str -2)


Message History

You block the orc warrior's attack.
You hit the orc warrior but do no damage.
The orc warrior is severely wounded.
The orc warrior barely misses you.
You hit the orc warrior but do no damage.
The orc warrior is severely wounded.
The orc warrior closely misses you.
You hit the orc warrior but do no damage.
The orc warrior is severely wounded.
The orc warrior barely misses you.
You barely miss the orc warrior.
The orc warrior is severely wounded.
The orc warrior hits you with a halberd.
* * * LOW HITPOINT WARNING * * *
You closely miss the orc warrior.
The orc warrior is severely wounded.
The orc warrior hits you with a halberd.
* * * LOW HITPOINT WARNING * * *
The orc warrior hits you from afar with a halberd!
You die...

...............................##
######.........#############'#...
#.......[.#......#......#...
#.........'......#......#...
#.........#......#......#...
#........o#...##.##..##.#...
#.........###o##.#########..
#####.....#..............#..
#.....)@.>..)........#..
#.....#..............#
#.....################ #######


You could see an orc warrior.

Vanquished Creatures
  The ghost of Lluna the Vexing, an amateur CeAM (D:5)
  Menkaure (D:4)
  2 phantoms (D:5)
  4 ogres
  A scorpion (D:6)
  A howler monkey (D:5)
  2 crimson imps (D:5)
  An orc priest (D:6)
  2 hounds
  Jessica (D:3)
  2 giant frog skeletons
  Terence (D:2)
  4 iguanas (D:4)
  4 worker ants
  4 adders
  An ooze (D:5)
  An adder zombie (D:5)
  2 worms
  2 dart slugs (D:1)
  3 giant geckos
  10 orcs
  3 ball pythons
  3 bats (D:1)
  3 giant cockroaches
  7 goblins
  7 hobgoblins
  9 jackals
  A quokka (D:3)
  2 giant newts
  9 kobolds
  3 rats
97 creatures vanquished.

Notes
Turn   | Place    | Note
--------------------------------------------------------------
     0 | D:1      | kraedy the Gargoyle Fighter began the quest for the Orb.
     0 | D:1      | Reached XP level 1. HP: 14/14 MP: 1/1
   159 | D:1      | Reached XP level 2. HP: 15/19 MP: 2/2
   516 | D:1      | Reached XP level 3. HP: 23/23 MP: 3/3
   630 | D:1      | You fall through a shaft!
   902 | D:2      | Noticed Terence
  1157 | D:2      | Killed Terence
  1157 | D:2      | Reached skill level 1 in Dodging
  1157 | D:2      | Reached XP level 4. HP: 22/28 MP: 4/4
  1205 | D:2      | Reached skill level 4 in Shields
  1732 | D:3      | Found a snail-covered altar of Cheibriados.
  1768 | D:3      | Found a glowing silver altar of Zin.
  1902 | D:3      | Noticed Jessica
  1934 | D:3      | Killed Jessica
  2098 | D:3      | Gained mutation: You have sharp toenails. [potion of mutation]
  2098 | D:3      | Gained mutation: You regenerate slowly when monsters are visible. [potion of mutation]
  2098 | D:3      | Gained mutation: You are clumsy. (Dex -2) [potion of mutation]
  2099 | D:3      | Gained mutation: You are partially covered in rugged brown scales (AC +1, +3% HP). [potion of mutation]
  2099 | D:3      | Gained mutation: You are weak. (Str -2) [potion of mutation]
  2428 | D:3      | Reached XP level 5. HP: 30/32 MP: 6/6
  2568 | D:4      | Found a staircase to the Ecumenical Temple.
  2571 | D:4      | Noticed an ogre
  2679 | D:4      | Killed an ogre
  2679 | D:4      | Reached skill level 5 in Shields
  2679 | D:4      | Reached skill level 1 in Spellcasting
  2679 | D:4      | Reached XP level 6. HP: 28/39 MP: 7/7
  2698 | D:4      | Noticed Lluna's ghost (amateur CeAM)
  3403 | D:5      | Entered Level 5 of the Dungeon
  3429 | D:4      | Found an iron altar of Okawaru.
  3430 | D:4      | Noticed Menkaure
  3464 | D:5      | Found Qehyri Ycvo's Armour Emporium.
  3730 | D:4      | You fall through a shaft!
  3736 | D:5      | Reached XP level 7. HP: 25/43 MP: 9/9
  3792 | D:5      | Noticed Lluna's ghost (amateur CeAM)
  3815 | D:5      | Killed Lluna's ghost
  3815 | D:5      | Reached skill level 5 in Armour
  4072 | D:5      | Reached skill level 6 in Shields
  4344 | D:5      | Reached XP level 8. HP: 49/49 MP: 11/11
  4461 | D:5      | Bought a +0 helmet of see invisible for 126 gold pieces
  5054 | D:4      | Killed Menkaure
  5059 | D:4      | Reached skill level 7 in Shields
  5310 | D:6      | Got a glittering golden ring
  5740 | D:5      | Mangled by an orc warrior

Skill      XL: |  1  2  3  4  5  6  7  8 |
---------------+-------------------------+-----
Long Blades    | 2 3 4 |  4.3
Dodging        | 1 2 |  2.6
Shields        | 4 5 6 7 |  7.1
Armour         | 4 5 6 |  6.3
Spellcasting   | 1 2 |  2.8
Fighting       | 4 |  4.3

Action                   |  1- 3 |  4- 6 |  7- 9 || total
-------------------------+-------+-------+-------++-------
Melee: Long sword        |   110 |   234 |   379 ||   723
       Kick              |       |    35 |    50 ||    85
  Use: Potion            |       |     4 |     5 ||     9
       Scroll            |       |     2 |     3 ||     5
  Eat: Chunk             |     1 |     4 |     3 ||     8
       Bread ration      |       |     1 |       ||     1
       Meat ration       |       |       |     2 ||     2
       Beef jerky        |       |       |     1 ||     1
Armor: Scale mail        |    46 |       |       ||    46
       Chain mail        |       |   175 |   229 ||   404
Dodge: Dodged            |    32 |    68 |    81 ||   181
Block: Shield            |    49 |   161 |   190 ||   400
